 Dungeon Crawl Stone Soup version 0.28.0 (webtiles) character file.

Game seed: 2226140359363886789

46 boopmooplesden the Covered (level 3, -2/33 HPs)
             Began as a Minotaur Fighter on Feb 4, 2022.
             Slain by a gnoll (3 damage)
             ... on level 3 of the Dungeon.
             The game lasted 00:01:45 (1614 turns).

boopmooplesden the Covered (Minotaur Fighter)       Turns: 1614, Time: 00:01:45

Health: -2/33      AC:  9    Str: 20    XL:     3   Next: 46%
Magic:  2/2        EV:  7    Int:  5    God:
Gold:   70         SH:  4    Dex: 11    Spells: 2/2 levels left

rFire   . . .      SeeInvis .   a - +2 long sword
rCold   . . .      Faith    .   c - +0 buckler
rNeg    . . .      Spirit   .   h - +0 chain mail
rPois   .          Reflect  .   (helmet restricted)
rElec   .          Harm     .   (no cloak)
rCorr   .          Rampage  .   (no gloves)
Will    .....                   (no boots)
Stlth   ..........              (no amulet)
HPRegen 0.11/turn               (no ring)
MPRegen 0.08/turn               (no ring)

@: no status effects
A: horns 2, retaliatory headbutt
a: no special abilities


You were on level 3 of the Dungeon.
You visited 1 branch of the dungeon, and saw 3 of its levels.

You collected 70 gold pieces.

Inventory:

Hand Weapons
 a - a +2 long sword (weapon)
Armour
 b - a +0 scale mail
 c - a +0 buckler (worn)
 h - a +0 chain mail (worn)
Jewellery
 e - a ring of wizardry
Potions
 d - a potion of might
 g - a potion of haste {unknown}
 i - a potion of invisibility {unknown}


   Skills:
 + Level 3.9 Fighting
 + Level 3.4 Long Blades
 + Level 4.2 Armour
 + Level 4.0 Shields


You had 2 spell levels left.
You didn't know any spells.
Your spell library contained the following spells:

 Spells                   Type           Power      Damage    Failure   Level
 Sandblast                Erth           0%         2d4       100%        1
 Passwall                 Tmut/Erth      0%         N/A       100%        2
 Stone Arrow              Conj/Erth      0%         3d7       100%        3


Dungeon Overview and Level Annotations

Branches:
Dungeon (3/15)

Altars:
Sif Muna

Annotations:
D:3 1 transporter


Innate Abilities, Weirdness & Mutations

You have a pair of horns on your head.
You reflexively headbutt those who attack you in melee.


Message History

You hit the gnoll.
The gnoll is heavily wounded.
The gnoll hits you with a +0 flail.
You slash the gnoll!
The gnoll is almost dead.
The gnoll hits you with a +1 whip of pain.
The gnoll barely misses you. x2
You completely miss the gnoll. You headbutt the gnoll!
You kill the gnoll!
The gnoll hits you with a +0 flail. x2; The gnoll hits you but does no damage.
The gnoll hits you with a +0 flail. The gnoll hits you but does no damage.
Things that are here:
a +1 whip of pain; a gnoll corpse
Found a book of Debilitation.
Found a transporter.
You barely miss the gnoll. You headbutt the gnoll.
The gnoll is heavily wounded.
The gnoll hits you with a +0 flail.
* * * LOW HITPOINT WARNING * * *
You block the gnoll's attack.
Things that are here:
a +1 whip of pain; a gnoll corpse You hit the gnoll but do no damage.
The gnoll is almost dead.
The gnoll hits you but does no damage. The gnoll closely misses you.
You furiously retaliate!
You headbutt the gnoll. You hit the gnoll but do no damage.
Your headbutt misses the gnoll.
The gnoll is severely wounded.
The gnoll barely misses you. The gnoll hits you but does no damage.
You hit the gnoll. Your headbutt misses the gnoll.
The gnoll is severely wounded.
You block the gnoll's attack. The gnoll hits you with a +0 flail.
* * * LOW HITPOINT WARNING * * *
The gnoll barely misses you.
You feel better. The gnoll hits you with a +0 flail.
* * * LOW HITPOINT WARNING * * *
You closely miss the gnoll. You headbutt the gnoll.
You kill the gnoll!
The gnoll hits you with a +0 flail.
You die...

..#..#...
≈#P8#.. ####..
....# # #.#.#.#
#.#.#.# #.....#
##g#)### #@).<#
+..............
####....######.
##.#.# ###.#
#.# #.# #.#


You could see a gnoll.

Vanquished Creatures
  2 gnolls (D:3)
  A worm (D:2)
  A dart slug (D:1)
  A ball python (D:1)
  5 endoplasms
  4 goblins
  A hobgoblin (D:2)
  6 kobolds (D:1)
  A quokka (D:2)
  4 bats
  6 rats
32 creatures vanquished.

Notes
Turn   | Place    | Note
-------+----------+-------------------------------------------
     0 | D:1      | boopmooplesden the Minotaur Fighter began the quest for the
                  | Orb.
     0 | D:1      | Reached XP level 1. HP: 19/19 MP: 0/0
   138 | D:1      | Reached XP level 2. HP: 26/27 MP: 1/1
   424 | D:1      | Found a faded altar of an unknown god.
  1138 | D:2      | Found a shimmering blue altar of Sif Muna.
  1197 | D:2      | Reached XP level 3. HP: 33/33 MP: 2/2
  1604 | D:3      | Found a transporter.
  1609 | D:3      | HP: 1/33 [gnoll (4)]
  1614 | D:3      | Slain by a gnoll

Illustrated notes

Levels and vault maps discovered:
D:1:      matt_arrival_debris, layout_basic, ebering_ecumenical_altar_box
D:2:      layout_basic, basic_altar
D:3:      gammafunk_steamed_eel, layout_loops_corners

Skill      XL: |  1  2 |
---------------+-------+-----
Shields        | 4 |  4.0
Long Blades    | 3 |  3.4
Armour         | 4 |  4.2
Fighting       | |  3.9

Action                   || total
-------------------------++-------
Melee: Long sword        ||    57
       Headbutt          ||    12
  Use: Scroll            ||     5
       Potion            ||     1
Armor: Scale mail        ||    23
       Chain mail        ||     8
Dodge: Dodged            ||    33
Block: Buckler           ||    11
